 Dungeon Crawl Stone Soup version 0.29.1-2-gbd0b4ee654 (webtiles) character file.

Game seed: 1295960636992634670

732 xian the Sneak (level 7, -16/43 HPs)
             Began as an Octopode Enchanter on Nov 10, 2022.
             Was a Follower of Lugonu.
             Demolished by an ogre
             ... wielding a +0 giant club
              (31 damage)
             ... on level 6 of the Dungeon.
             The game lasted 00:20:55 (5675 turns).

xian the Sneak (Octopode Enchanter)                 Turns: 5675, Time: 00:20:56

Health: -16/43     AC:  1    Str: 10    XL:     7   Next: 73%
Magic:  1/10       EV: 12    Int: 17    God:    Lugonu [*.....]
Gold:   146        SH:  8    Dex: 12    Spells: 9/11 levels left

rFire   . . .      SeeInvis .   a - +1 dagger
rCold   . . .      Faith    .   o - +0 kite shield
rNeg    . . .      Spirit   .   (helmet restricted)
rPois   .          Reflect  .   (no amulet)
rElec   .          Harm     .   f - ring of resist corrosion
rCorr   +          Rampage  .   (no ring)
Will    .....                   (no ring)
Stlth   +++++.....              (no ring)
HPRegen 0.14/turn               (no ring)
MPRegen 0.12/turn               (no ring)
                                (no ring)
                                (no ring)

@: very slightly contaminated
A: almost no armour, amphibious, 8 rings, camouflage 1, gelatinous body 1,
(nimble swimmer 1), tentacles
a: Renounce Religion, Depart the Abyss


You were on level 6 of the Dungeon.
You worshipped Lugonu.
Lugonu was aware of your devotion.
You visited 2 branches of the dungeon, and saw 7 of its levels.

You collected 146 gold pieces.

Inventory:

Hand Weapons
 a - a +1 dagger (weapon)
 m - a +2 hammer of distortion
Missiles
 c - 9 poisoned darts (quivered)
Armour
 o - a +0 kite shield (worn)
Jewellery
 f - a ring of resist corrosion (left tentacle)
Wands
 s - a wand of digging (1)
Scrolls
 d - a scroll of immolation {unknown}
 e - a scroll of noise {unknown}
 h - a scroll of amnesia {unknown}
 i - a scroll of summoning {unknown}
 j - 2 scrolls of identify
 k - a scroll of enchant armour {unknown}
 n - 2 scrolls of butterflies {unknown}
 p - 2 scrolls of fear {unknown}
 r - 3 scrolls of magic mapping {unknown}
Potions
 b - a potion of invisibility
 g - a potion of magic
 l - a potion of curing


   Skills:
 + Level 1.2 Fighting
 + Level 3.4 Short Blades
 + Level 3.3 Dodging
 + Level 7.7 Stealth
 * Level 2.8 Shields
 * Level 2.6 Spellcasting
 * Level 3.5 Hexes
 + Level 1.0 Ice Magic
 * Level 1.8 Invocations


You had 9 spell levels left.
You knew the following spells:

 Your Spells              Type           Power      Damage    Failure   Level
a - Ensorcelled Hibernat  Hex/Ice        20%        N/A       34%         2

Your spell library contained the following spells:

 Spells                   Type           Power      Damage    Failure   Level
 Confusing Touch          Hex            14%        N/A       38%         3
 Tukima's Dance           Hex            14%        N/A       38%         3
 Dazzling Flash           Conj/Hex       16%        N/A       63%         3
 Gell's Gravitas          Tloc           2%         N/A       87%         3
 Lesser Beckoning         Tloc           2%         N/A       87%         3
 Teleport Other           Tloc           2%         N/A       87%         3
 Fulminant Prism          Conj/Hex       4%         3d6       95%         4
 Iskenderun's Mystic Bla  Conj/Tloc      2%         2d3       99%         4
 Lee's Rapid Deconstruct  Erth           1%         3d5*      100%        5


Dungeon Overview and Level Annotations

Branches:
Dungeon (6/15)             Temple (1/1) D:4

Altars:
Cheibriados
Dithmenos
Elyvilon
Gozag
Hepliaklqana
Makhleb
Ru
Sif Muna
Trog
Xom
Zin
The Shining One
Lugonu


Innate Abilities, Weirdness & Mutations

You cannot wear most types of armour.
You are amphibious.
You can wear up to eight rings at the same time.
Your skin changes colour to match your surroundings (Stealth+).
Your rubbery body absorbs attacks. (AC +1, EV +1)
((You are camouflaged when in or above water. (Stealth+)))
You have tentacles for arms and can constrict up to eight enemies at once.


Message History

It was a potion of magic.
Magic courses through your body. The ogre closely misses you.
Casting: Ensorcelled Hibernation (dangerous; 34% risk of failure)
Confirm with . or Enter, or press ? or * to list all spells.
Aiming: Ensorcelled Hibernation (dangerous; 34% risk of failure)
Press: ? - help, Shift-Dir - straight line, f/p - ogre
Aim: an ogre, wielding a +0 giant club (heavily wounded, chance to affect: 44%)
The ogre resists with some effort.
Unknown command.
Casting: Ensorcelled Hibernation (dangerous; 34% risk of failure)
Confirm with . or Enter, or press ? or * to list all spells.
Aiming: Ensorcelled Hibernation (dangerous; 34% risk of failure)
Press: ? - help, Shift-Dir - straight line, f/p - ogre
Aim: an ogre, wielding a +0 giant club (heavily wounded, chance to affect: 44%)
The ogre resists with some effort.
You block the ogre's attack.
Unknown command.
Casting: Ensorcelled Hibernation (dangerous; 34% risk of failure)
Confirm with . or Enter, or press ? or * to list all spells.
Aiming: Ensorcelled Hibernation (dangerous; 34% risk of failure)
Press: ? - help, Shift-Dir - straight line, f/p - ogre
Aim: an ogre, wielding a +0 giant club (heavily wounded, chance to affect: 44%)
You miscast Ensorcelled Hibernation.
Nothing appears to happen.
The ogre closely misses you.
Unknown command.
Casting: Ensorcelled Hibernation (dangerous; 34% risk of failure)
Confirm with . or Enter, or press ? or * to list all spells.
Aiming: Ensorcelled Hibernation (dangerous; 34% risk of failure)
Press: ? - help, Shift-Dir - straight line, f/p - ogre
Aim: an ogre, wielding a +0 giant club (heavily wounded, chance to affect: 44%)
You miscast Ensorcelled Hibernation.
Nothing appears to happen.
Unknown command.
Casting: Ensorcelled Hibernation (dangerous; 34% risk of failure)
Confirm with . or Enter, or press ? or * to list all spells.
Aiming: Ensorcelled Hibernation (dangerous; 34% risk of failure)
Press: ? - help, Shift-Dir - straight line, f/p - ogre
Aim: an ogre, wielding a +0 giant club (heavily wounded, chance to affect: 44%)
The ogre resists with some effort.
The ogre hits you with a +0 giant club!!
Ouch! That really hurt!
You die...

#.# #†#
###########.#####.########
#.......)...#<...........#
#...........###..........#
#...........# #..........#
#...........###..........#
#.............+..........#
#..........####.....§....#
####....O@....+...........
#....#######..(........
#....# #........... #....#
#....# ......# ##.....#
##.#### #.


You could see an ogre.

Vanquished Creatures
  Eustachio (D:6)
  A black bear (D:4)
  A scorpion (D:4)
  2 jellies
  2 hounds
  Crazy Yiuf (D:2)
  3 orc priests
  An iguana (D:5)
  2 orc wizards (D:3)
  5 adders
  5 worms
  3 dart slugs
  8 orcs
  4 ball pythons
  4 bats
  6 endoplasms
  2 giant cockroaches
  5 goblins
  8 hobgoblins
  3 jackals (D:3)
  A quokka (D:4)
  5 frilled lizards
  6 kobolds
  6 rats
85 creatures vanquished.

Vanquished Creatures (others)
  A fungus (D:2)
1 creature vanquished.

Grand Total: 86 creatures vanquished

Notes
Turn   | Place    | Note
-------+----------+-------------------------------------------
     0 | D:1      | xian the Octopode Enchanter began the quest for the Orb.
     0 | D:1      | Reached XP level 1. HP: 11/11 MP: 3/3
    61 | D:1      | Reached XP level 2. HP: 17/17 MP: 5/5
   300 | D:1      | Learned a level 2 spell: Ensorcelled Hibernation
   524 | D:2      | Reached skill level 5 in Stealth
   686 | D:2      | Reached XP level 3. HP: 21/21 MP: 6/6
   751 | D:2      | Found a faded altar of an unknown god.
  1595 | D:2      | Found a runed translucent door.
  1596 | D:2      | Noticed Crazy Yiuf
  1603 | D:2      | Killed Crazy Yiuf
  1604 | D:2      | Reached skill level 6 in Stealth
  1604 | D:2      | Reached XP level 4. HP: 27/27 MP: 7/7
  1717 | D:3      | Found a hazy altar of Hepliaklqana.
  1719 | D:3      | Found a faded altar of an unknown god.
  1894 | D:3      | Reached XP level 5. HP: 31/31 MP: 8/8
  2202 | D:3      | Reached skill level 1 in Shields
  2640 | D:3      | Found a bloodstained altar of Trog.
  2640 | D:3      | Found a snail-covered altar of Cheibriados.
  3035 | D:4      | Noticed a black bear
  3045 | D:4      | Killed a black bear
  3046 | D:4      | Reached skill level 7 in Stealth
  3046 | D:4      | Reached XP level 6. HP: 12/37 MP: 9/9
  3188 | D:4      | Reached skill level 1 in Ice Magic
  3195 | D:4      | Found a glowing silver altar of Zin.
  3529 | D:4      | Found a staircase to the Ecumenical Temple.
  3546 | Temple   | Entered the Ecumenical Temple
  3559 | Temple   | Became a worshipper of Lugonu the Unformed
  3559 | Temple   | Reached * piety under Lugonu
  3930 | D:4      | Reached skill level 1 in Invocations
  3930 | D:4      | Reached XP level 7. HP: 33/42 MP: 10/10
  4066 | D:4      | Found a shadowy altar of Dithmenos.
  4067 | D:4      | Found a glowing golden altar of the Shining One.
  4136 | D:4      | Found an opulent altar of Gozag.
  4240 | D:5      | Entered Level 5 of the Dungeon
  4331 | D:5      | Reached skill level 1 in Fighting
  5414 | D:6      | Noticed Eustachio
  5453 | D:6      | Killed Eustachio
  5675 | D:6      | Demolished by an ogre

Illustrated notes

Levels and vault maps discovered:
D:1:      heliophobic_arrival_enchanted_forest, layout_rooms
D:2:      layout_loops_ring, ebering_ecumenical_altar_sacrificial,
          nicolae_figureground_sparkle, uniq_crazy_yiuf_cottage
D:3:      layout_loops_corners, amethyst_overflow_temple_binary,
          beargit_hepliaklqana_dungeon_heroes, glass_columns_a, minmay_distorted
D:4:      layout_basic, pdpol_temple_overflow_zin_treasury_gozag_greed,
          nicolae_overflow_squiral, minmay_temple_entry_sparse_star
D:5:      layout_loops_corners, dk_noncrumbling_3
D:6:      layout_basic, tgw_kikubaaqudgha, uniq_eustachio
Temple:   corrupted_temple

Skill      XL: |  1  2  3  4  5  6  7 |
---------------+----------------------+-----
Stealth        | 5 6 7 |  7.7
Shields        | 1 2 |  2.8
Short Blades   | 2 3 |  3.4
Ice Magic      | 1 |  1.0
Invocations    | 1 |  1.8
Fighting       | 1 |  1.2
Dodging        | 3 |  3.3
Spellcasting   | |  2.6
Hexes          | |  3.5

Action                   |  1- 3 |  4- 6 |  7- 9 || total
-------------------------+-------+-------+-------++-------
Melee: Dagger            |    61 |    96 |    59 ||   216
       Tentacles         |     8 |    26 |    16 ||    50
       Constrict         |     8 |    18 |    11 ||    37
       Punch             |     1 |     1 |       ||     2
Throw: Dart              |       |     1 |       ||     1
 Cast: Ensorcelled Hiber |     3 |     2 |     6 ||    11
  Use: Potion            |       |       |     3 ||     3
       Scroll            |       |       |     2 ||     2
 Stab: Sleeping          |    24 |    15 |     1 ||    40
Armor: Skin              |     2 |     4 |     2 ||     8
Dodge: Dodged            |    23 |    33 |    32 ||    88
Block: Kite shield       |       |    40 |    15 ||    55
